 Dungeon Crawl Stone Soup version 0.21.0-25-ge575cb9 (webtiles) character file.

107 Monsterracer the Ducker (level 4, -4/41 HPs)
             Began as a Minotaur Gladiator on Jan 26, 2018.
             Killed by divine providence
             ... invoked by an orc priest
              (11 damage)
             ... on level 5 of the Dungeon.
             The game lasted 00:06:06 (2651 turns).

Monsterracer the Ducker (Minotaur Gladiator)        Turns: 2651, Time: 00:06:07

Health: -4/41      AC:  5    Str: 19    XL:     4   Next: 57%
Magic:  3/3        EV: 13    Int:  5    God:
Gold:   94         SH:  0    Dex: 12    Spells: 3/3 levels left

rFire    . . .     SeeInvis .   a - +1 long sword {!a}
rCold    . . .     Gourm    .   (no shield)
rNeg     . . .     Faith    .   j - +0 ring mail
rPois    .         Spirit   .   f - +0 hat
rElec    .         Reflect  .   (no cloak)
rCorr    .         Harm     .   (no gloves)
MR       .....                  (no boots)
Stlth    +.........             (no amulet)
HPRegen  0.13/turn              (no ring)
MPRegen  0.08/turn              (no ring)

@: no status effects
A: retaliatory headbutt, horns 2
a: no special abilities


You were on level 5 of the Dungeon.
You were not hungry.

You visited 1 branch of the dungeon, and saw 5 of its levels.

You collected 94 gold pieces.

Inventory:

Hand Weapons
 a - a +1 long sword (weapon) {!a}
Missiles
 d - 3 throwing nets (quivered)
Armour
 f - a +0 hat (worn)
 j - a +0 ring mail (worn)
Scrolls
 e - a scroll of identify
Comestibles
 c - 3 rations


   Skills:
 + Level 4.4 Fighting
 - Level 3.6 Long Blades
 - Level 2.0 Throwing
 + Level 4.8 Dodging


You had 3 spell levels left.
You didn't know any spells.

Dungeon Overview and Level Annotations

Branches:
Dungeon (5/15)
 Temple: D:4-7

Altars:
Yredelemnul


Innate Abilities, Weirdness & Mutations

You reflexively headbutt those who attack you in melee.
You have a pair of horns on your head.


Message History

i - a cursed amulet of inaccuracy (around neck) Drop what? 16/52 slots (_ for help) (? for menu, Esc to quit)
You drop a potion of degeneration.
As you read the scroll of identify, it crumbles to dust.
n - a potion of heal wounds
As you read the scroll labeled KAOSKEL ODUOM, it crumbles to dust.
It is a scroll of amnesia.
You feel forgetful for a moment.
Drop what? 15/52 slots (_ for help) (? for menu, Esc to quit)
You drop a scroll of amnesia.
As you read the scroll labeled RIOLUN ZAFFY, it crumbles to dust.
You assume a fearsome visage.
Nothing appears to happen.
It was a scroll of fear.
As you read the scroll labeled PUYRGH GAPLIL, it crumbles to dust.
The air around you briefly surges with heat, but it dissipates.
It was a scroll of immolation.
As you read the scroll labeled JAENKY HUFUWN, it crumbles to dust.
You feel strangely unstable.
It was a scroll of teleportation.
As you read the scroll labeled MAREG MACZAI, it crumbles to dust.
It is a scroll of enchant weapon.
Your +0 long sword {!a} glows red for a moment.
As you read the scroll labeled ZEMMOM MIOGITI, it crumbles to dust.
The dust glows shimmering yellow!
It was a scroll of random uselessness.
As you read the scroll labeled ITWIGEBLARIF, it crumbles to dust.
You feel as if something is helping you.
It was a scroll of remove curse.
Drop what? 9/52 slots (_ for help) (? for menu, Esc to quit)
You drop a scroll of fear {!r}.
Your surroundings suddenly seem different.
An orc wizard comes into view. It is wielding a dagger.
The orc wizard shouts!
An orc comes into view. It is wielding a whip.
The orc shouts!
An orc wizard comes into view. It is wielding a dagger.
The orc wizard shouts!
An orc priest comes into view. It is wielding a whip.
The orc priest shouts!
You hear a shout!
The orc wizard hits you with a dagger.
* * * LOW HITPOINT WARNING * * *
Found 8 bolts.
An orc wizard comes into view. It is wielding a dagger.
You take 2 damage, and have 17/41 hp.
The orc wizard mumbles some strange words.
The orc wizard seems to speed up.
The orc priest looks braver for a moment.
The orc priest miscasts a cantrip.
The orc wizard hits you but does no damage.
Okay, then.
Drop what? 8/52 slots (_ for help) (? for menu, Esc to quit)
You remove your amulet of inaccuracy.
The orc wizard points at you and mumbles some strange words.
The puff of frost hits you!
* * * LOW HITPOINT WARNING * * *
You drop an uncursed amulet of inaccuracy.
The orc wizard closely misses you.
You riposte.
You closely miss the orc wizard.
You take 4 damage, and have 15/41 hp.
The orc wizard hits you but does no damage.
The orc priest closely misses you.
The orc priest mumbles some strange prayers to Beogh against you.
Pain shoots through your body!
* * * LOW HITPOINT WARNING * * *
The orc wizard hits you but does no damage.
You take 12 damage, and have 3/41 hp.
MASSIVE DAMAGE!!
You feel much better.
The orc priest hits you but does no damage.
The orc wizard looks satisfied for a moment.
You regained 25 hp, and now have 28/41 hp.
The orc priest hits you but does no damage.
The orc wizard hits you but does no damage.
The orc wizard mumbles some strange words.
The orc wizard flickers and vanishes!
Deactivating autopickup; reactivate with Ctrl-A.
The orc priest hits you with a whip. The orc wizard misses you.
You take 5 damage, and have 23/41 hp.
The orc priest mumbles some strange prayers to Beogh against you.
Pain shoots through your body!
* * * LOW HITPOINT WARNING * * *
You take 13 damage, and have 10/41 hp.
MASSIVE DAMAGE!!
The orc priest closely misses you. Something hits you but does no damage.
The orc priest misses you.
You riposte.
You hit the orc priest.
The orc priest is lightly wounded.
Something hits you.
* * * LOW HITPOINT WARNING * * *
The orc priest barely misses you.
You riposte.
You barely miss the orc priest.
The orc priest is lightly wounded.
You take 2 damage, and have 8/41 hp.
Something barely misses you. The orc priest closely misses you.
Unknown command.
Something hits you but does no damage.
The orc priest invokes the aid of Beogh against you.
Pain shoots through your body!
* * * LOW HITPOINT WARNING * * *
You take 1 damage, and have 7/41 hp.
Something completely misses you.
The orc priest invokes the aid of Beogh against you.
Beogh smites you!
You die...

### ##o## #
##.#@#####.#
##.###{o....#
#o## ##o...(#
##.###.###.##
##o#.## #
##o## ###


You could see an orc priest, an orc wizard and an orc.

Vanquished Creatures
  4 gnolls
  An adder (D:2)
  An ooze (D:1)
  2 leopard geckos
  3 giant cockroaches (D:1)
  7 goblins
  8 hobgoblins
  4 jackals (D:1)
  A ball python (D:1)
  7 bats
  6 frilled lizards
  3 kobolds (D:1)
  6 rats
53 creatures vanquished.

Notes
Turn   | Place    | Note
-------+----------+-------------------------------------------
     0 | D:1      | Monsterracer the Minotaur Gladiator began the quest for the Orb.
     0 | D:1      | Reached XP level 1. HP: 18/18 MP: 0/0
    89 | D:1      | Reached XP level 2. HP: 25/25 MP: 1/1
   482 | D:1      | Reached XP level 3. HP: 29/31 MP: 2/2
  1341 | D:2      | Found a basalt altar of Yredelemnul.
  1542 | D:2      | Reached XP level 4. HP: 37/40 MP: 3/3
  1621 | D:2      | HP: 14/40 [worm (8)]
  1776 | D:2      | HP: 20/40 [worm (7)]
  2168 | D:2      | HP: 19/40 [worm (9)]
  2595 | D:4      | HP: 15/41 [gnoll (7)]
  2613 | D:5      | Entered Level 5 of the Dungeon
  2626 | D:5      | HP: 17/41 [orc wizard/dagger (2)]
  2638 | D:5      | HP: 15/41 [orc wizard/puff of frost (4)]
  2641 | D:5      | HP: 3/41 [orc priest/nerve-wracking pain (12)]
  2648 | D:5      | HP: 8/41 [something (2)]
  2651 | D:5      | Killed from afar by an orc priest

Skill      XL: |  1  2  3 |
---------------+----------+-----
Fighting       | 3 4 |  4.4
Dodging        | 4 |  4.8
Long Blades    | |  3.6
Throwing       | |  2.0

Action                   |  1- 3 |  4- 6 || total
-------------------------+-------+-------++-------
Melee: Headbutt          |     7 |     1 ||     8
  Use: Scroll            |       |     9 ||     9
       Potion            |       |     1 ||     1
  Eat: Chunk             |     1 |     4 ||     5
Armor: Leather armour    |     8 |       ||     8
       Ring mail         |    63 |    21 ||    84
Dodge: Dodged            |   153 |    60 ||   213
       Rpst.: Long sword |    39 |    15 ||    54

Vault maps used:
D:1:      grunt_arrival_crossed_arrows, minmay_pentomino_o4
D:2:      lemuel_round_altar, chequers_ecumenical_altar_grove,
          kennysheep_generic_room_9
D:3:      uniq_jessica, uniq_grinder
D:4:      first_ration, serial_shops, shop, shop,
          nicolae_shop_temple_entry_statues_fountains
D:5:      portal_sewer_entry_f, trog_three_pillars_becter, uniq_duvessa,
          uniq_edmund
